 Dungeon Crawl Stone Soup version 0.19-a0-1035-gdbfb0c6 (webtiles) character file.

41737 HAL9000 the Unseen (level 14, -6/66 HPs)
             Began as a Vine Stalker Enchanter on July 29, 2016.
             Was a Follower of Uskayaw.
             Mangled by a spriggan rider
             ... wielding a +2 spear of piercing
              (19 damage)
             ... on level 6 of the Lair of Beasts.
             The game lasted 01:02:22 (18230 turns).

HAL9000 the Unseen (Vine Stalker Enchanter)        Turns: 18230, Time: 01:02:22

Health: -6/66      AC: 11    Str: 15    XL:     14   Next: 16%
Magic:  0/24       EV: 22    Int: 17    God:    Uskayaw [*.....]
Gold:   999        SH: 12    Dex: 19    Spells: 6 memorised, 3 levels left

rFire  . . .     SeeInvis +     m - +2 dagger (elec)
rCold  . . .     Gourm    .     b - +1 robe
rNeg   . . .     Faith    .     I - +2 buckler
rPois  .         Spirit   +     B - +3 crown of Dyrovepreva {rElec Int+2 SInv}
rElec  +         Dismiss  .     H - +1 cloak {+Inv}
rCorr  .         Reflect  +     D - +0 pair of gloves
SustAt .         Harm     .     w - +1 pair of boots
MR     +....                    t - +4 amulet of reflection
Stlth  ++++++....               v - +3 ring of evasion
                                g - +3 ring of dexterity

@: somewhat resistant to hostile enchantments, very stealthy
A: fangs 3, regeneration 3, magic shield, antimagic bite, no device heal 3, rot
immunity
a: Stomp, Renounce Religion, Evoke Invisibility


You were on level 6 of the Lair of Beasts.
You worshipped Uskayaw.
Uskayaw was noncommittal.
You were very hungry.

You visited 3 branches of the dungeon, and saw 19 of its levels.

You collected 1071 gold pieces.
You spent 72 gold pieces at shops.

Inventory:

Hand Weapons
 m - a +2 dagger of electrocution (weapon)
 C - a +0 rapier
Missiles
 z - 5 javelins (quivered)
Armour
 b - a +1 robe (worn)
 w - a +1 pair of boots (worn)
 B - the +3 crown of Dyrovepreva (worn) {rElec Int+2 SInv}
   (You found it on level 4 of the Lair of Beasts)

   It affects your intelligence (+2).
   It insulates you from electricity.
   It lets you see invisible.
 D - a +0 pair of gloves (worn)
 H - a +1 cloak of invisibility (worn)
 I - a +2 buckler (worn)
Jewellery
 g - a +3 ring of dexterity (left hand)
 t - a +4 amulet of reflection (around neck)
 v - a +3 ring of evasion (right hand)
 W - an uncursed ring of sustain attributes
Wands
 i - a wand of confusion (31/48)
 G - a wand of confusion (32/48)
 N - a wand of teleportation (2/9)
 O - a wand of disintegration (11/24)
 X - a wand of digging (13/24)
Scrolls
 q - a scroll of summoning
 u - 2 scrolls of amnesia
 y - a scroll of fear
 F - a scroll of identify
 K - 10 scrolls of remove curse
 M - 9 scrolls of teleportation
 R - 3 scrolls of magic mapping
 T - a scroll of enchant armour
 V - a scroll of blinking
Potions
 h - a potion of invisibility
 j - a potion of cancellation
 n - 3 potions of agility
 r - 5 potions of curing
 x - a potion of haste
 E - a potion of cure mutation
 P - a potion of resistance
 S - 2 potions of flight
 U - 2 potions of lignification
 Y - 2 potions of magic
 Z - 4 potions of brilliance
Books
 s - a book of Unlife

   Spells                             Type                      Level
   a - Recall                         Summoning/Translocation      3
   b - Animate Dead                   Necromancy                   4
   c - Control Undead                 Necromancy                   4
   d - Cigotuvi's Embrace             Necromancy                   5
   e - Death Channel                  Necromancy                   6
   f - Simulacrum                     Ice/Necromancy               6
 L - a book of Cantrips

   Spells                             Type                      Level
   a - Confusing Touch                Hexes                        1
   b - Animate Skeleton               Necromancy                   1
   c - Summon Small Mammal            Summoning                    1
   d - Apportation                    Translocation                1
 Q - a book of Enchantments

   Spells                             Type                      Level
   a - Cause Fear                     Hexes                        4
   b - Yara's Violent Unravelling     Hexes/Transmutation          5
   c - Silence                        Hexes/Air                    5
   d - Deflect Missiles               Charms/Air                   6
   e - Haste                          Charms                       6
   f - Discord                        Hexes                        8
Miscellaneous
 e - a lamp of fire
Comestibles
 a - 4 royal jellies
 d - 11 bread rations
 A - 9 beef jerkies
 J - 10 meat rations


   Skills:
 - Level 4.0 Fighting
 - Level 10.2 Short Blades
 + Level 9.1 Dodging
 + Level 15.0 Stealth
 - Level 4.0 Shields
 + Level 6.0 Spellcasting
 + Level 10.8 Hexes
 + Level 3.7 Charms
 - Level 5.4 Invocations


You had 3 spell levels left.
You knew the following spells:

 Your Spells              Type           Power        Failure   Level  Hunger
a - Corona                Hex            #####..      1%          1    None
b - Cause Fear            Hex            #####.....   1%          4    ####...
c - Deflect Missiles      Chrm/Air       ##........   100%        6    #######
x - Confuse               Hex            #####...     1%          3    ##.....
z - Ensorcelled Hibernat  Hex/Ice        ###...       2%          2    None
H - Haste                 Chrm           ###.....     100%        6    #######


Dungeon Overview and Level Annotations

Branches:
Dungeon (12/15)            Temple (1/1) D:6            Lair (6/6) D:11
 Shoals (0/4) Lair:3       Spider (0/4) Lair:3
  Slime: Lair:5-6       Orc: D:9-12

Altars:
Ashenzari
Cheibriados
Dithmenos
Elyvilon
Fedhas
Gozag
Hepliaklqana
Kikubaaqudgha
Makhleb
Nemelex Xobeh
Okawaru
Pakellas
Qazlal
Ru
Sif Muna
Trog
Uskayaw
Vehumet
Xom
Yredelemnul
Zin
The Shining One
Beogh

Shops:
D:6 ?   D:10 (!%


Innate Abilities, Weirdness & Mutations

You have razor-sharp teeth.
You regenerate.
When hurt, damage is shared between your health and your magic reserves.
Your bite disrupts and absorbs the magic of your enemies.
Potions and wands cannot restore your health.
You are immune to rotting.


Message History

You block the wolf's attack.
The spriggan rider shoots a curare-tipped needle.
You reflect the curare-tipped needle off an invisible shield around you!
The curare-tipped needle misses the spriggan rider.
The spriggan rider shoots a curare-tipped needle.
The curare-tipped needle misses you.
The spriggan shouts!
Found 16 stones.
The spriggan rider unwields an uncursed blowgun.
The spriggan rider wields an uncursed spear of piercing.
The spriggan rider hits you with an uncursed spear of piercing!!
The polar bear growls angrily.
You hear a shout!
The wolf stops to sniff the ground.
The spriggan rider hits you from afar with an uncursed spear of piercing!!
* * * LOW HITPOINT WARNING * * *
x2 The wolf barely misses you.
You block the polar bear's attack. x2
The polar bear misses you. The wolf misses you.
The spriggan rider hits you from afar with an uncursed spear of piercing!!
You die...

....<...Y...Y..(.......♣ ♣♣...♣♣
.##..#...P.##..........#♣ ♣♣♣.♣♣
###....i..P##h..........♣♣♣
♣..♣♣
#.....................P..♣♣♣♣..♣
##..#.#...........(..PP...♣ ♣♣..
###...#.........(........♣♣ ♣..
##......................♣ ♣..
#........##.......(...♣♣ ♣♣.
#..........#@h.i........♣ ♣♣
#........P.hihi.i...P[..♣♣ ♣
...........#..Pi.....#...♣
...........#.#.P.....#...♣
.......P......##..#(..i♣♣
....P.......####...♣♣♣.(♣ ♣
......#... #..♣♣ ♣♣.♣♣♣
.......#.. ....♣ ♣.♣♣.
.(....#......♣ ♣....


You could see a spriggan rider, 2 polar bears, 4 spriggans and 2 wolves.

Vanquished Creatures
  Fannar (D:11)
  Erolcha (D:9)
  Harold (D:10)
  7 hydras
  Erica (D:9)
  5 death yaks
  An unseen horror (D:11)
  4 hill giants
  A griffon (Lair:5)
  An oklob plant (Lair:1)
  An ugly thing (D:11)
  A siren (Lair:3)
  11 elephants
  A torpor snail (Lair:4)
  A black mamba (Lair:5)
  10 spiny frogs
  A rime drake (Lair:5)
  7 komodo dragons
  2 trolls
  2 polar bears (Lair:6)
  2 jumping spiders (Lair:3)
  A two-headed ogre (D:11)
  2 boulder beetles (Lair:4)
  Grinder (D:6)
  5 blink frogs (Lair:1)
  4 redbacks (Lair:3)
  6 spriggans
  17 yaks
  A wyvern (Lair:6)
  A basilisk (Lair:6)
  The ghost of FrancescoMac the Changer, an amateur OpTm (D:3)
  4 hippogriffs
  A steam dragon (D:11)
  Edmund (D:4)
  2 soldier ants (D:11)
  4 water moccasins
  Duvessa (D:5)
  9 porcupines
  A black bear (Lair:6)
  A phantom (D:10)
  3 sky beasts
  2 wasps (Lair:6)
  4 ice beasts
  4 orc warriors
  6 ogres
  2 boggarts (Lair:6)
  5 centaurs
  16 wolves
  11 crocodiles
  2 big kobolds (D:11)
  14 giant frogs
  Dowan (D:5)
  2 scorpions
  7 howler monkeys
  A centaur zombie (D:10)
  3 orc priests
  7 hounds
  4 crimson imps
  A giant frog zombie (D:8)
  5 orc wizards
  3 centaur skeletons
  A giant frog skeleton (D:10)
  2 jellies
  10 iguanas
  Jessica (D:2)
  3 worker ants
  17 sheep
  A hound zombie (D:8)
  2 howler monkey zombies
  Robin (D:2)
  3 gnolls (D:8)
  8 adders
  26 river rats
  A shadow imp (D:7)
  3 worms
  6 dart slugs
  9 giant geckos
  40 orcs
  7 giant cockroaches
  16 goblins
  8 hobgoblins
  13 jackals
  17 kobolds
  4 quokkas
  3 ball pythons
  9 bats
  5 giant newts
  A jackal skeleton (D:8)
  A quokka skeleton (D:8)
  A quokka zombie (D:9)
  11 rats
  A fungus (D:1)
459 creatures vanquished.

Vanquished Creatures (others)
  7 fungi
  21 plants
28 creatures vanquished.

Grand Total: 487 creatures vanquished

Notes
Turn   | Place    | Note
-------+----------+-------------------------------------------
     0 | D:1      | HAL9000 the Vine Stalker Enchanter began the quest for the Orb.
     0 | D:1      | Reached XP level 1. HP: 9/9 MP: 4/4
    57 | D:1      | Reached skill level 1 in Short Blades
   130 | D:1      | Reached XP level 2. HP: 13/14 MP: 1/6
   135 | D:1      | Learned a level 2 spell: Ensorcelled Hibernation
   184 | D:1      | Reached skill level 1 in Fighting
   377 | D:1      | Reached XP level 3. HP: 18/18 MP: 7/7
   382 | D:1      | Learned a level 3 spell: Confuse
   975 | D:2      | You fall through a shaft!
   981 | D:3      | Noticed FrancescoMac's ghost (amateur OpTm)
  1070 | D:2      | Noticed Robin
  1096 | D:2      | Killed Robin
  1096 | D:2      | Reached XP level 4. HP: 16/22 MP: 2/8
  1166 | D:2      | Found a sparkling altar of Nemelex Xobeh.
  1166 | D:2      | Noticed Jessica
  1176 | D:2      | Killed Jessica
  1416 | D:2      | Found a shimmering altar of Xom.
  1739 | D:3      | Reached XP level 5. HP: 26/26 MP: 3/9
  2259 | D:3      | Killed FrancescoMac's ghost
  2259 | D:3      | Gained mutation: You heal very quickly. [Vine Stalker growth]
  2259 | D:3      | Reached XP level 6. HP: 32/32 MP: 8/10
  2706 | D:4      | Found an iron altar of Okawaru.
  2780 | D:4      | Noticed Edmund
  2834 | D:4      | Killed Edmund
  2834 | D:4      | Reached XP level 7. HP: 36/36 MP: 4/11
  3013 | D:4      | Reached skill level 5 in Short Blades
  3482 | D:5      | Entered Level 5 of the Dungeon
  3575 | D:5      | Reached skill level 5 in Hexes
  3626 | D:5      | Gained mutation: You have razor-sharp teeth. [Vine Stalker growth]
  3626 | D:5      | Reached XP level 8. HP: 42/42 MP: 12/12
  3767 | D:5      | Noticed Duvessa
  3780 | D:5      | Killed Duvessa
  3781 | D:5      | Noticed Dowan
  3790 | D:5      | Killed Dowan
  3790 | D:5      | Reached skill level 1 in Shields
  4034 | D:5      | Found a radiant altar of Vehumet.
  4034 | D:5      | Found a white marble altar of Elyvilon.
  4098 | D:6      | Found a staircase to the Ecumenical Temple.
  4113 | Temple   | Entered the Ecumenical Temple
  4208 | Temple   | Became a worshipper of Uskayaw the Reveler
  4236 | D:6      | Reached * piety under Uskayaw
  4261 | D:6      | Noticed Grinder
  4272 | D:6      | Reached ** piety under Uskayaw
  4276 | D:6      | Killed Grinder
  4553 | D:6      | Found an opulent altar of Gozag.
  4583 | D:6      | Reached XP level 9. HP: 45/45 MP: 6/13
  4603 | D:6      | Found a blossoming altar of Fedhas.
  4657 | D:6      | Found Pufilul's Magic Scroll Boutique.
  4672 | D:6      | Bought 2 scrolls of teleportation for 72 gold pieces
  5218 | D:7      | Found an opulent altar of Gozag.
  5228 | D:7      | Found a shadowy altar of Dithmenos.
  5228 | D:7      | Found a stormy altar of Qazlal.
  6070 | D:8      | Reached *** piety under Uskayaw
  6071 | D:8      | Reached **** piety under Uskayaw
  6456 | D:9      | Reached skill level 4 in Stealth
  6471 | D:9      | Noticed Erolcha
  6473 | D:9      | Killed Erolcha
  6473 | D:9      | Reached skill level 6 in Stealth
  6473 | D:9      | Reached XP level 10. HP: 49/49 MP: 14/14
  6519 | D:9      | Noticed Erica
  6536 | D:9      | Killed Erica
  6536 | D:9      | Reached skill level 7 in Stealth
  7101 | D:10     | Entered Level 10 of the Dungeon
  7118 | D:10     | Noticed a hill giant
  7133 | D:10     | Killed a hill giant
  7133 | D:10     | Reached skill level 10 in Short Blades
  7148 | D:10     | Reached skill level 8 in Stealth
  7332 | D:10     | Reached skill level 1 in Invocations
  7448 | D:10     | Found Basegil's Food Boutique.
  7466 | D:10     | Found Qemmanoi's Distillery.
  7467 | D:10     | Found Oggoudif's Antique Weapon Boutique.
  7567 | D:10     | Found a roughly hewn altar of Beogh.
  7633 | D:10     | Found Ziaxt's Off-Brand Ammunition.
  7751 | D:11     | Noticed a cyan ugly thing
  7774 | D:11     | Killed a cyan ugly thing
  7774 | D:11     | Reached skill level 9 in Stealth
  7798 | D:11     | Noticed an unseen horror
  7807 | D:11     | Killed an unseen horror
  7807 | D:11     | Reached XP level 11. HP: 39/53 MP: 15/15
  8173 | D:11     | Reached ***** piety under Uskayaw
  8233 | D:11     | Noticed Fannar
  8411 | D:11     | Noticed a hill giant
  8415 | D:11     | Noticed a hill giant
  8435 | D:10     | Killed a hill giant
  8549 | D:10     | Killed a hill giant
  8549 | D:10     | Reached skill level 10 in Stealth
  8650 | D:11     | Noticed Harold
  8978 | D:11     | Killed Fannar
  9039 | D:11     | Reached skill level 5 in Invocations
  9322 | D:11     | Learned a level 4 spell: Cause Fear
  9336 | D:11     | Noticed a five-headed hydra
  9702 | D:11     | Noticed a hill giant
  9806 | D:11     | Found a staircase to the Lair.
  9961 | D:11     | Killed a hill giant
  9961 | D:11     | Reached skill level 11 in Stealth
 10114 | D:12     | Found a snail-covered altar of Cheibriados.
 10280 | D:10     | Killed Harold
 10280 | D:10     | Reached skill level 5 in Dodging
 10335 | D:10     | Killed a five-headed hydra
 10480 | Lair:1   | Entered Level 1 of the Lair of Beasts
 10480 | Lair:1   | Noticed an oklob plant
 10612 | Lair:1   | Gained mutation: You regenerate. [Vine Stalker growth]
 10612 | Lair:1   | Reached XP level 12. HP: 52/58 MP: 12/17
 10877 | Lair:1   | Noticed a five-headed hydra
 10919 | Lair:1   | Killed a five-headed hydra
 10997 | Lair:1   | Noticed a seven-headed hydra
 11005 | Lair:1   | Killed a seven-headed hydra
 11005 | Lair:1   | Reached skill level 12 in Stealth
 11078 | Lair:1   | Noticed a five-headed hydra
 11190 | Lair:1   | Killed a five-headed hydra
 12285 | Lair:2   | Noticed a seven-headed hydra
 12460 | Lair:2   | Killed a seven-headed hydra
 12673 | Lair:2   | Reached skill level 13 in Stealth
 13733 | Lair:3   | Found a staircase to the Shoals.
 13840 | Lair:3   | Found a hole to the Spider Nest.
 14450 | Lair:3   | Reached XP level 13. HP: 61/61 MP: 9/18
 15140 | Lair:4   | Reached skill level 14 in Stealth
 15481 | Lair:4   | Reached skill level 10 in Hexes
 16259 | Lair:5   | Learned a level 6 spell: Deflect Missiles
 16556 | Lair:5   | Reached skill level 5 in Spellcasting
 16568 | Lair:5   | Learned a level 6 spell: Haste
 16719 | Lair:5   | Reached skill level 1 in Charms
 16868 | Lair:6   | Entered Level 6 of the Lair of Beasts
 17711 | Lair:6   | Reached XP level 14. HP: 47/66 MP: 17/23
 18107 | Lair:6   | Reached skill level 15 in Stealth
 18230 | Lair:6   | Mangled by a spriggan rider

Vault maps used:
D:1:      dpeg_cavernosity
D:2:      xom_teletrap_fun, nemelex_lonely_heart_becter, uniq_robin
D:3:      first_bread
D:4:      okawaru_ov_weapons_minmay, st_stairs_9, uniq_edmund
D:5:      amethyst_overflow_temple_binary, uniq_duvessa
D:6:      serial_shops, nicolae_shop_waterfront, basic_altar, fedhas_altar_1,
          uniq_grinder
D:7:      grunt_temple_overflow_open
D:9:      uniq_erolcha, uniq_erica
D:10:     special_room, serial_shops, shop, nicolae_shop_waterfront, shop,
          nicolae_offbrand_ammo
D:11:     david_lair_shrubbed, hangedman_pestilent_swarm, nicolae_wwwww,
          uniq_harold, uniq_fannar
D:12:     erik_orc_1, cheibriados_altar_1
Temple:   regret_index_temple_waves
Lair:1:   dpeg_stationary_puzzle
Lair:3:   minmay_shoals_entry_lonely_mermaid, nicolae_spider_entry_tight_spaces
Lair:6:   minmay_lair_end_enchanted_forest, slime_altar_2, minmay_lindwurm_lava

Skill      XL: |  1  2  3  4  5  6  7  8  9 10 11 12 13 14 |
---------------+-------------------------------------------+-----
Short Blades   | 1 2 3 4 5 7 9 10 | 10.2
Fighting       | 1 2 3 4 |  4.0
Hexes          | 4 5 6 7 9 10 | 10.8
Shields        | 2 4 |  4.0
Stealth        | 6 9 11 13 14 15 | 15.0
Invocations    | 3 5 |  5.4
Dodging        | 3 5 7 8 9 |  9.1
Spellcasting   | 5 6 |  6.0
Charms         | 3 |  3.7

Action                   |  1- 3 |  4- 6 |  7- 9 | 10-12 | 13-15 || total
-------------------------+-------+-------+-------+-------+-------++-------
Melee: Dagger            |   115 |   141 |   246 |   640 |   493 ||  1635
       Bite              |    27 |    30 |    83 |   235 |   190 ||   565
 Cast: Corona            |     5 |       |       |       |       ||     5
       Ensorcelled Hiber |     1 |    19 |    17 |    41 |    43 ||   121
       Confuse           |       |     9 |    19 |    88 |    45 ||   161
       Cause Fear        |       |       |       |     1 |     1 ||     2
Evoke: Wand              |       |       |       |     9 |       ||     9
       Lamp of fire      |       |       |       |     1 |       ||     1
  Use: Scroll            |     7 |     3 |     9 |    12 |     4 ||    35
 Stab: Sleeping          |     8 |    24 |    25 |    40 |    32 ||   129
       Confused          |       |     3 |     4 |    22 |     9 ||    38
       Distracted        |       |       |     2 |     7 |     2 ||    11
       Paralysed         |       |       |     1 |    14 |     5 ||    20
  Eat: Chunk             |       |     8 |    16 |    25 |     9 ||    58
       Pizza             |       |       |       |     5 |       ||     5
       Fruit             |       |       |       |     3 |       ||     3
       Royal jelly       |       |       |       |     2 |     3 ||     5
Armor: Robe              |    16 |    46 |    33 |   100 |    56 ||   251
Dodge: Dodged            |    45 |    86 |   106 |   361 |   255 ||   853
Block: Buckler           |       |       |    29 |   182 |   167 ||   378
       Reflection        |       |       |       |       |     3 ||     3
